 Dungeon Crawl Stone Soup version 0.30-a0-782-ge64f9170bb (webtiles) character file.

Game seed: 7905567615619096354

984 112233 the Thaumaturge (level 7, -2/41 HPs)
             Began as a Deep Elf Conjurer on Feb 26, 2023.
             Was a Follower of Vehumet.
             Asphyxiated
             ... on level 6 of the Dungeon.
             The game lasted 00:04:38 (5844 turns).

112233 the Thaumaturge (Deep Elf Conjurer)          Turns: 5844, Time: 00:04:38

Health: -2/41      AC:  3    Str:  4    XL:     7   Next: 97%
Magic:  9/21       EV: 12    Int: 25    God:    Vehumet [*.....]
Gold:   312        SH:  0    Dex: 13    Spells: 7/24 levels left

rFire   . . .      SeeInvis .    h - +1 whip (elec)
rCold   . . .      Faith    .    (no shield)
rNeg    + . .      Spirit   .    g - +1 robe {rN+}
rPois   .          Reflect  .    (no helmet)
rElec   .          Harm     .    (no cloak)
rCorr   .          Rampage  .    (no gloves)
Will    .....                    (no boots)
Stlth   ++                       x - amulet of the acrobat
HPRegen 0.26/turn                t - ring of wizardry
MPRegen 0.17/turn                y - ring of wizardry

@: lethally poisoned (-2 -> -24), slowed, very slow
A: no striking features
a: Renounce Religion


You were on level 6 of the Dungeon.
You worshipped Vehumet.
Vehumet was aware of your devotion.
You visited 2 branches of the dungeon, and saw 8 of its levels.

You collected 312 gold pieces.

Inventory:

Hand Weapons
 d - a +2 sling of draining
 h - a +1 whip of electrocution (weapon)
 w - a +2 whip of draining
Armour
 a - a +0 robe
 g - a +1 robe of positive energy (worn)
Jewellery
 t - a ring of wizardry (left hand)
 v - a ring of fire
 x - an amulet of the acrobat (around neck)
 y - a ring of wizardry (right hand)
Wands
 n - a wand of digging (8)
Scrolls
 c - 4 scrolls of identify
 e - a scroll of silence {unknown}
 f - 2 scrolls of blinking {unknown}
 i - a scroll of fog {unknown}
 l - 2 scrolls of fear {unknown}
 m - 2 scrolls of poison {unknown}
 o - a scroll of vulnerability {unknown}
 p - a scroll of immolation {unknown}
 q - a scroll of butterflies {unknown}
 r - a scroll of amnesia {unknown}
 s - 2 scrolls of teleportation
 A - 2 scrolls of brand weapon {unknown}
Potions
 b - 2 potions of magic
 j - 2 potions of flight
 k - 2 potions of heal wounds {unknown}
 u - a potion of ambrosia {unknown}
 z - a potion of berserk rage {unknown}
 B - 2 potions of degeneration {unknown}
 C - a potion of might {unknown}


   Skills:
 + Level 3.0 Fighting
 - Level 2.7 Dodging
 - Level 2.7 Stealth
 * Level 9.2 Spellcasting
 + Level 6.8 Conjurations


You had 7 spell levels left.
You knew the following spells:

 Your Spells              Type           Power      Damage    Failure   Level
a - Magic Dart            Conj           100%       1d8       1%          1
b - Searing Ray           Conj           90%        2d7       1%          2
c - Fulminant Prism       Conj/Hex       14%        3d8       3%          4
d - Iskenderun's Mystic   Conj/Tloc      28%        2d7       3%          4
e - Starburst             Conj/Fire      14%        6d6       45%         6

Your spell library contained the following spells:

 Spells                   Type           Power      Damage    Failure   Level
 Shock                    Conj/Air       100%       1d9       1%          1
 Dazzling Flash           Conj/Hex       56%        N/A       1%          3


Dungeon Overview and Level Annotations

Branches:
Dungeon (7/15)             Temple (1/1) D:5

Altars:
Cheibriados
Dithmenos
Gozag
Hepliaklqana
Kikubaaqudgha
Nemelex Xobeh
Okawaru
Uskayaw
Vehumet
Wu Jian
Xom
Yredelemnul
Zin
The Shining One

Shops:
D:5 *((   D:6 :

Annotations:
D:3 exclusion: downstairs
D:6 Blork the orc
D:7 exclusion: upstairs


Message History

You feel very sick.
Your fulminant prism crackles loudly.
You feel very sick.
Your fulminant prism explodes!
The blast of energy engulfs the kobold brigand!
The kobold brigand is heavily wounded.
The blast of energy engulfs the kobold!!
You kill the kobold!
Vehumet accepts your kill.
You hear a shout!
Casting: Fulminant Prism (dangerous; 3% risk of failure)
Confirm with . or Enter, or press ? or * to list all spells.
You can't see any susceptible monsters within range! (Use Z to cast anyway.)
Casting: Fulminant Prism (dangerous; 3% risk of failure)
Confirm with . or Enter, or press ? or * to list all spells.
Aiming: Fulminant Prism (dangerous; 3% risk of failure)
Press: ? - help, Dir - move target You conjure a prism of explosive energy!
A fulminant prism comes into view.
You feel very sick.
You feel sick.
The kobold brigand hits your fulminant prism with a +2 dagger of pain.
Your fulminant prism crackles loudly.
The kobold brigand hits your fulminant prism with a +2 dagger of pain.
Your fulminant prism explodes!
The blast of energy engulfs the kobold brigand!
The kobold brigand is almost dead.
You hear an angry hiss.
Casting: Fulminant Prism (dangerous; 3% risk of failure)
Confirm with . or Enter, or press ? or * to list all spells.
Aiming: Fulminant Prism (dangerous; 3% risk of failure)
Press: ? - help, Dir - move target You conjure a prism of explosive energy!
A fulminant prism comes into view.
You feel sick.
The kobold brigand throws a curare-tipped dart.
The curare-tipped dart completely misses your fulminant prism.
The curare-tipped dart hits you.
You are lethally poisoned!
You have difficulty breathing.
You die...

#...#
#...#
#...#
##...#
..[.)####
#))..@#
##.....#
#......#
#.....*##
#.......#
##....K.#
#......#
#....).#
#....)##


You could see a kobold brigand (ally target) and a friendly fulminant prism.

Vanquished Creatures
  A sky beast (D:7)
  2 scorpions
  2 necrophages
  3 wights (D:7)
  2 hounds
  An orc priest (D:5)
  An iguana (D:5)
  3 orc wizards
  12 gnolls
  9 adders
  2 worms
  4 dart slugs
  15 orcs
  6 ball pythons
  4 bats
  10 endoplasms
  2 giant cockroaches
  4 hobgoblins
  4 quokkas
  2 frilled lizards
  10 goblins
  9 kobolds
  6 rats
114 creatures vanquished.

Vanquished Creatures (others)
  2 fulminant prisms (D:6)
2 creatures vanquished.

Grand Total: 116 creatures vanquished

Notes
Turn   | Place    | Note
-------+----------+-------------------------------------------
     0 | D:1      | 112233 the Deep Elf Conjurer began the quest for the Orb.
     0 | D:1      | Reached XP level 1. HP: 10/10 MP: 6/6
   282 | D:1      | Reached XP level 2. HP: 15/15 MP: 4/8
  1085 | D:2      | Found a faded altar of an unknown god.
  1226 | D:2      | Reached skill level 4 in Spellcasting
  1266 | D:2      | Reached XP level 3. HP: 19/19 MP: 6/10
  1269 | D:2      | Learned a level 2 spell: Searing Ray
  1610 | D:2      | Reached skill level 5 in Conjurations
  1610 | D:2      | Reached XP level 4. HP: 24/24 MP: 9/12
  1832 | D:2      | Reached skill level 5 in Spellcasting
  2652 | D:3      | Reached XP level 5. HP: 28/28 MP: 12/15
  3215 | D:4      | Reached skill level 1 in Fighting
  3215 | D:4      | Reached skill level 6 in Spellcasting
  3284 | D:4      | Reached XP level 6. HP: 34/34 MP: 9/17
  3806 | D:4      | Reached skill level 7 in Spellcasting
  4201 | D:5      | Entered Level 5 of the Dungeon
  4204 | D:5      | Found a staircase to the Ecumenical Temple.
  4220 | Temple   | Entered the Ecumenical Temple
  4280 | Temple   | Became a worshipper of Vehumet
  4299 | D:5      | Learned a level 4 spell: Fulminant Prism
  4304 | D:5      | Learned a level 4 spell: Iskenderun's Mystic Blast
  4564 | D:5      | Reached XP level 7. HP: 40/40 MP: 2/20
  4808 | D:5      | Found Rinnesagh's Weapon Shoppe.
  4992 | D:5      | Found Koh Oprorgh's Overcharged Wands.
  5063 | D:5      | Reached skill level 8 in Spellcasting
  5333 | D:5      | Found Mireta Muqu's Weapon Emporium.
  5591 | D:5      | Learned a level 6 spell: Starburst
  5615 | D:6      | Found Riomemoi's Book Emporium.
  5689 | D:6      | Noticed Blork the orc
  5695 | D:6      | Reached * piety under Vehumet
  5695 | D:6      | Offered knowledge of Shock by Vehumet.
  5706 | D:6      | Reached skill level 9 in Spellcasting
  5844 | D:6      | Asphyxiated

Illustrated notes

Levels and vault maps discovered:
D:1:      dpeg_arrival_subterranean_lakeside_camping, layout_basic,
          kennysheep_crisscross
D:2:      layout_loops_ring, ebering_ecumenical_altar_abandoned
D:3:      layout_basic, minmay_quadrilaterals
D:4:      layout_cave_pools
D:5:      layout_basic, minmay_temple_entry_statues_fountains, serial_shops,
          nicolae_shop_bloodbath_and_beyond, shop,
          nicolae_shop_overcharged_wands
D:6:      layout_basic, serial_shops, nicolae_shop_trees, uniq_menkaure,
          uniq_blork_the_orc, uniq_eustachio
D:7:      layout_loops_ring, makhleb_altar_promises_db, amcnicky_altar_gilded,
          uniq_crazy_yiuf_cottage, uniq_pikel
Temple:   nicolae_temple_superstar

Skill      XL: |  1  2  3  4  5  6  7 |
---------------+----------------------+-----
Spellcasting   | 4 5 6 7 9 |  9.2
Conjurations   | 5 6 |  6.8
Fighting       | 1 2 3 |  3.0
Dodging        | |  2.7
Stealth        | |  2.7

Action                     |  1- 3 |  4- 6 |  7- 9 || total
---------------------------+-------+-------+-------++-------
  Melee: Whip              |       |     3 |     1 ||     4
   Cast: Magic Dart        |    67 |   103 |    57 ||   227
         Searing Ray       |     1 |    13 |     9 ||    23
         Fulminant Prism   |       |       |     3 ||     3
         Iskenderun's Myst |       |       |     1 ||     1
    Use: Potion            |       |       |     3 ||     3
         Scroll            |       |       |     2 ||     2
 Armour: Robe              |       |     2 |     3 ||     5
  Dodge: Dodged            |     1 |    10 |    21 ||    32

Table legend: (Time is in decaauts)
 A = Elapsed time spent in this place.
 B = Non-inter-level travel time spent in this place.
 C = Inter-level travel time spent in this place.
 D = Time resting spent in this place.
 E = Time spent auto-exploring this place.
 F = Levels seen in this place.
 G = Mean time per level.
                   A        B        C        D        E       F      G
               +--------+--------+--------+--------+--------+-----+--------+
         Total |   5845 |   5623 |    222 |    561 |   4462 |   8 |  730.6 |
       Dungeon |   5773 |   5563 |    210 |    561 |   4418 |   7 |  824.7 |
        Temple |     72 |     60 |     12 |      0 |     44 |   1 |   72.0 |
               +--------+--------+--------+--------+--------+-----+--------+

Top non-repeatable levels by time:
     D:5: 1330 daAuts
     D:3: 1243 daAuts
     D:2: 1155 daAuts
     D:1: 1002 daAuts
     D:4: 799 daAuts
     D:6: 220 daAuts
  Temple: 72 daAuts
     D:7: 20 daAuts
